[Event "*** SCC Grand Prix: Titled Tuesday Blitz"]
[Site "Chess.com"]
[Date "2020.09.29"]
[Round "5"]
[White "m_ezat"]
[Black "Funo09"]
[Result "1-0"]
[WhiteElo "2633"]
[BlackElo "2831"]
[TimeControl "180+1"]
[EndTime "10:54:01 PDT"]
[Termination "m_ezat won by resignation"]

1. d4 Nf6 2. c4 Nc6 3. Nf3 d6 4. Nc3 Bg4 5. d5 Nb8 6. Qb3 Qc8 7. c5 Na6 8. cxd6 cxd6 9. e4 Nc5 10. Qd1 g6 11.
Bb5+ Bd7 12. e5 dxe5 13. Nxe5 Bxb5 14. Nxb5 Bg7 15. d6 O-O 16. dxe7 Re8 17. O-O Rxe7 18. Nc4 Qe6 19. Qc2 Nfe4 20. Be3 Rd8 21. Rad1 Red7 22.
Rxd7 Rxd7 23. Nxa7 Qa6 24. Nc8 Rc7 25. N8b6 h6 26.
b4 1-0

[Event "*** SCC Grand Prix: Titled Tuesday Blitz"]
[Site "Chess.com"]
[Date "2020.09.29"]
[Round "5"]
[White "Ginger_GM"]
[Black "kleopl"]
[Result "1/2-1/2"]
[WhiteElo "2690"]
[BlackElo "2475"]
[TimeControl "180+1"]
[EndTime "10:54:01 PDT"]
[Termination "Game drawn by repetition"]

1. c4 e5 2. Nc3 Bb4 3. e4 Bxc3 4.
dxc3 d6 5. Bd3 Nc6 6. Ne2 Nge7 7.
O-O O-O 8. Ng3 Qd7 9. Be3 Qg4 10. Qxg4 Bxg4 11. c5 Be6 12. cxd6 cxd6 13. f4 exf4 14.
Bxf4 d5 15. Bd6 Rfd8 16. Ba3 dxe4 17. Bxe4 Rd2 18. Rf2 Rad8 19. Nf1 Rxf2 20. Kxf2 Bc4 21.
Ne3 Rd2+ 22. Kg3 Be6 23. b3 h5 24. Bxe7 Nxe7 25. Bxb7 Rd3 26. Kf2 Rxc3 27. Rd1 Nf5 28.
Nxf5 Bxf5 29. Rd2 g6 30. Bd5 Kg7 31. Bc4 Kf6 32. a4 Be6 33. Rd6 Ke5 34. Ra6 Bxc4 35. bxc4 Rxc4 36. Rxa7 Kf6 37. a5 Rc2+ 38. Kf3 Rc3+ 39.
Ke4 Rc2 40. Kf3 Rc3+ 41. Ke4 Rc2 42. Kf3 1/2-1/2

[Event "*** SCC Grand Prix: Titled Tuesday Blitz"]
[Site "Chess.com"]
[Date "2020.09.29"]
[Round "5"]
[White "Sesleria"]
[Black "ZverevLev"]
[Result "0-1"]
[WhiteElo "2111"]
[BlackElo "2363"]
[TimeControl "180+1"]
[EndTime "10:54:02 PDT"]
[Termination "ZverevLev won by resignation"]

1. e4 c5 2. Nf3 d6 3. d4 cxd4 4.
Nxd4 Nf6 5. Nc3 a6 6. f4 Nc6 7.
Be2 e6 8. Nxc6 bxc6 9. O-O d5 10. e5 Bc5+ 11. Kh1 Nd7 12. Na4 Ba7 13. c4 O-O 14. b3 Bb7 15. Ba3 Re8 16. c5 f6 17. Bh5 Rf8 18. Qe2 fxe5 19. fxe5 Qg5 20. Bg4 Qxe5 21.
Bxe6+ Kh8 22. Rxf8+ Rxf8 23. Qxe5 Nxe5 24. h3 Nd3 25.
Kh2 Bb8+ 26. g3 Rf2+ 27. Kg1 Bxg3 28. Rf1 Bh2+ 29. Kh1 Rxf1+ 0-1

[Event "*** SCC Grand Prix: Titled Tuesday Blitz"]
[Site "Chess.com"]
[Date "2020.09.29"]
[Round "5"]
[White "Gerodot71"]
[Black "ChessSkool"]
[Result "0-1"]
[WhiteElo "2469"]
[BlackElo "2699"]
[TimeControl "180+1"]
[EndTime "10:54:03 PDT"]
[Termination "ChessSkool won by resignation"]

1. d4 d5 2. c4 e6 3. Nf3 Nf6 4. g3 Bb4+ 5. Bd2 Be7 6. Bg2 O-O 7. O-O c6 8. Qc2 Nbd7 9. Rd1 a5 10. Bf4 Ne4 11. Nc3 f5 12. Rac1 g5 13. Bd2 g4 14. Ne1 Nxd2 15. Qxd2 Bg5 16. e3 h5 17. Nd3 h4 18. a3 hxg3 19. hxg3 Kg7 20. Nf4 Nf6 21. c5 Rh8 22. b4 axb4 23. axb4 Qg8 24.
b5 cxb5 25. Nxb5 Qh7 26. Nd6 Bd7 27. Rb1 Rab8 28. Rb6 Bxf4 29. exf4 Ne4 30. Nxe4 fxe4 31. Rd6 Qh2+ 32. Kf1 Bb5+ 33. Ke1 Qg1+ 0-1

[Event "*** SCC Grand Prix: Titled Tuesday Blitz"]
[Site "Chess.com"]
[Date "2020.09.29"]
[Round "5"]
[White "ChrisTool2"]
[Black "IANOV0007"]
[Result "0-1"]
[WhiteElo "2329"]
[BlackElo "2488"]
[TimeControl "180+1"]
[EndTime "10:54:04 PDT"]
[Termination "IANOV0007 won by checkmate"]

1. d4 d6 2. c4 g6 3. Nc3 Bg7 4.
e4 c5 5. Nge2 Nc6 6. Be3 Qa5 7. Qd2 Nf6 8. f3 O-O 9. d5 Ne5 10. Ng3 Qb4 11. Nb5 Qxd2+ 12. Kxd2 a6 13. Nc3 e6 14. a4 exd5 15. cxd5 Re8 16. a5 Bd7 17. Ra3 Rab8 18. Rb3 h5 19. h4 Nh7 20. Rb6 Bf8 21. Bd3 Nxd3 22. Kxd3 Be7 23. Nf1 Rec8 24. Nd2 Nf6 25. Nc4 Ne8 26. Bg5 f6 27.
Bf4 Bd8 28. Bxd6 Bxb6 29. Bxb8 Bxa5 30. Nxa5 Rxb8 31. f4 b5 32. e5 Bf5+ 33. Ne4 Rd8 34. d6 Nxd6 35. exd6 Rxd6+ 36. Kc3 Bxe4 37. Re1 f5 38.
Re3 Rd4 39. Nb3 b4# 0-1

[Event "*** SCC Grand Prix: Titled Tuesday Blitz"]
[Site "Chess.com"]
[Date "2020.09.29"]
[Round "5"]
[White "Martins-BR"]
[Black "jacky72"]
[Result "0-1"]
[WhiteElo "2295"]
[BlackElo "2587"]
[TimeControl "180+1"]
[EndTime "10:54:04 PDT"]
[Termination "jacky72 won by resignation"]

1. e4 e5 2. Nf3 Nc6 3. d4 exd4 4. Nxd4 Nf6 5. Nc3 Bb4 6. Nxc6 bxc6 7. Bd3 O-O 8. O-O d5 9. exd5 cxd5 10. h3 h6 11. Qf3 c6 12. Bf4 Bd6 13. Rfe1 Rb8 14. b3 Rb4 15.
Ne2 Re8 16. c3 Rb8 17. Nd4 Rxe1+ 18. Rxe1 Qc7 19. Bxh6 Bd7 20. Bg5 Re8 21. Rxe8+ Nxe8 22. Nf5 Bxf5 23. Qxf5 g6 24. Qf3 Be5 25. Bd2 Qe7 26. c4 Qe6 27. cxd5 cxd5 28. Qe2 Nf6 29. Kf1 Qd6 30. g3 Qc7 31. Kg2 Kg7 32. Bg5 d4 33.
f4 Bd6 34. Bxf6+ Kxf6 35. Qe4 Qc3 36. g4 Kg7 37. Kf3 Qa1 38. Qe2 Qh1+ 39. Qg2 Qc1 40. Qe2 Qxf4+ 41. Kg2 Qg3+ 42. Kf1 Qxh3+ 43. Ke1 Qh1+ 44.
Kd2 Bf4+ 0-1

[Event "*** SCC Grand Prix: Titled Tuesday Blitz"]
[Site "Chess.com"]
[Date "2020.09.29"]
[Round "5"]
[White "SergeyKarjakin"]
[Black "swimmerchess"]
[Result "0-1"]
[WhiteElo "2961"]
[BlackElo "2844"]
[TimeControl "180+1"]
[EndTime "10:54:05 PDT"]
[Termination "swimmerchess won on time"]

1. e4 c5 2. Nf3 Nc6 3. Nc3 d6 4. d4 cxd4 5. Nxd4 Nf6 6. Bg5 Bd7 7. Qd2 a6 8. O-O-O e6 9. f4 b5 10. Bxf6 gxf6 11. Kb1 Qb6 12. Nxc6 Bxc6 13. f5 b4 14. Ne2 e5 15. Ng3 h5 16. h4 Bh6 17.
Qe2 Ke7 18. Nxh5 Qc5 19. g4 Be3 20. Qc4 Qxc4 21. Bxc4 Bxe4 22. Rhe1 Bf3 23. Be2 Bxe2 24. Rxe2 Bc5 25. Rd5 Rag8 26. a3 Rxg4 27. axb4 Bxb4 28. c3 Bc5 29. b4 Ba7 30. Nxf6 Kxf6 31. Rxd6+ Kxf5 32. Rxa6 Bg1 33. Kc2 Rhxh4 34. Kb3 Rh3 35. Rc6 e4 36. b5 Rg6 37. Rc7 f6 38. Kb4 Rd3 39.
c4 Rgg3 40. Rb2 Bd4 41. Rb1 e3 0-1

[Event "*** SCC Grand Prix: Titled Tuesday Blitz"]
[Site "Chess.com"]
[Date "2020.09.29"]
[Round "5"]
[White "DenisQ"]
[Black "Radzio1987"]
[Result "1-0"]
[WhiteElo "2633"]
[BlackElo "2817"]
[TimeControl "180+1"]
[EndTime "10:54:05 PDT"]
[Termination "DenisQ won by resignation"]

1. Nf3 Nf6 2. c4 e6 3. g3 d5 4. Bg2 a6 5. b3 d4 6. e3 c5 7. exd4 cxd4 8. O-O Nc6 9. Re1 Be7 10.
d3 O-O 11. Ne5 Nxe5 12. Rxe5 Nd7 13. Re1 e5 14. Ba3 Re8 15. Bxe7 Qxe7 16. Nd2 a5 17. a3 Nc5 18. Ne4 Ne6 19. Qc2 f5 20. Nd2 Qd6 21. Bd5 Kh8 22. Nf3 Nc7 23. Ng5 Rf8 24.
Nf7+ Rxf7 25. Bxf7 Qf6 26. Bd5 f4 27. Qe2 Nxd5 28.
cxd5 Bh3 29. Qxe5 Qg6 30. Qxf4 Qxd3 31. d6 h6 32. Rad1 Qc3 33. Qxd4 Qxb3 34. d7 1-0

[Event "*** SCC Grand Prix: Titled Tuesday Blitz"]
[Site "Chess.com"]
[Date "2020.09.29"]
[Round "5"]
[White "CM_rui"]
[Black "gumimis"]
[Result "1-0"]
[WhiteElo "2392"]
[BlackElo "2214"]
[TimeControl "180+1"]
[EndTime "10:54:07 PDT"]
[Termination "CM_rui won on time"]

1. e4 c6 2. d4 d5 3. Nc3 dxe4 4. Nxe4 Bf5 5. Nc5 e5 6. Nxb7 Qb6 7. Nc5 Bxc5 8. dxc5 Qxc5 9. c3 Nd7 10. Be3 Qe7 11. Nf3 Ngf6 12. Be2 O-O 13. h3 Rfd8 14. O-O Nc5 15.
Bxc5 Qxc5 16. Qe1 Ne4 17. Rd1 Ng3 18. b4 Qb6 19. Nxe5 Re8 20. Bc4 Bg6 21. Rd7 Nxf1 22. Rxf7 Bxf7 23. Bxf7+ Kh8 24. Bxe8 Qc7 25. Bxc6 Rf8 26.
Kxf1 Qe7 27. Ng6+ hxg6 28. Qxe7 1-0

[Event "*** SCC Grand Prix: Titled Tuesday Blitz"]
[Site "Chess.com"]
[Date "2020.09.29"]
[Round "5"]
[White "ChronicUnhappiness"]
[Black "chessmaGIA"]
[Result "0-1"]
[WhiteElo "2290"]
[BlackElo "1666"]
[TimeControl "180+1"]
[EndTime "10:54:07 PDT"]
[Termination "chessmaGIA won on time"]

1. e4 e5 2. Nf3 Nf6 3. Nc3 Nc6 4. Bc4 Nxe4 5. O-O Nxc3 6. dxc3 Be7 7. Qd5 O-O 8. Nxe5 Nxe5 9. Qxe5 d6 10. Qg3 Be6 11.
Bd3 Bf6 12. Re1 Be5 13. f4 Bf6 14. f5 Bd7 15. Bf4 Re8 16. Rxe8+ Qxe8 17. Re1 Qc8 18. Bg5 Be5 19. Rxe5 dxe5 20. Bf6 Qf8 21. Bxe5 Re8 22. Bxc7 Qc5+ 23. Kf1 Bxf5 24. Bd6 Bxd3+ 25. Qxd3 Qg5 26. Bg3 Qc1+ 27. Kf2 Qe1+ 28. Kf3 Qe6 29. b3 Qf6+ 30.
Bf4 Rd8 0-1

[Event "*** SCC Grand Prix: Titled Tuesday Blitz"]
[Site "Chess.com"]
[Date "2020.09.29"]
[Round "5"]
[White "Margency"]
[Black "wonderfultime"]
[Result "0-1"]
[WhiteElo "2641"]
[BlackElo "2912"]
[TimeControl "180+1"]
[EndTime "10:54:08 PDT"]
[Termination "wonderfultime won by resignation"]

1. e4 c5 2. Nf3 Nf6 3. e5 Nd5 4. Nc3 e6 5. Ne4 f5 6. Nc3 Ne7 7. d4 cxd4 8. Nb5 Ng6 9. Qxd4 Nc6 10. Nd6+ Bxd6 11. Qxd6 Qb6 12. Be2 Ncxe5 13. Qxb6 Nxf3+ 14.
Bxf3 axb6 15. O-O d5 16. Re1 Kf7 17. Be3 b5 18. Bc5 Bd7 19. a3 Rhc8 20. b4 Bc6 21.
g3 Ra6 22. Re3 d4 23. Bxd4 Bxf3 24. Rxf3 Rxc2 25. h4 Rd6 26. Bc3 Rc6 27. Bd4 R6c4 28. Rd1 Rc1 29. Rxc1 Rxc1+ 30. Kg2 Ne7 31. h5 Rc4 32.
Bc5 Nd5 33. Bd6 Rc3 34. g4 Rxf3 35. Kxf3 Nf6 36. gxf5 exf5 37. Kf4 Ke6 0-1

[Event "*** SCC Grand Prix: Titled Tuesday Blitz"]
[Site "Chess.com"]
[Date "2020.09.29"]
[Round "5"]
[White "ajgreen"]
[Black "aNaartjieZA"]
[Result "1/2-1/2"]
[WhiteElo "2372"]
[BlackElo "2512"]
[TimeControl "180+1"]
[EndTime "10:54:10 PDT"]
[Termination "Game drawn by repetition"]

1. e4 e6 2. d4 d5 3. Nc3 Bb4 4. e5 c5 5. Bd2 Ne7 6. Nb5 Bxd2+ 7. Qxd2 O-O 8. f4 b6 9. Nf3 Ba6 10. Na3 Bxf1 11. Rxf1 Nbc6 12. c3 Rc8 13. Nb5 cxd4 14.
Nbxd4 Nxd4 15. Nxd4 Nc6 16. Nxc6 Rxc6 17. O-O-O b5 18.
Kb1 f5 19. exf6 Rxf6 20. Rfe1 Qc7 21. g3 a5 22. Rc1 h6 23. Qd3 Rc4 24. Rcd1 b4 25.
cxb4 axb4 26. Rc1 Qc6 27. b3 Rxc1+ 28. Rxc1 Qd7 29. Qd4 Qb7 30. Rc5 Rf7 31. Qe5 Qb6 32. Rc8+ Kh7 33. Qe2 Qd4 34. Qc2+ g6 35. Rc7 Kg7 36.
Rxf7+ Kxf7 37. Qc7+ Kf6 38. Kc2 Qf2+ 39. Kd3 Qxa2 40. Qe5+ Kf7 41. Qc7+ Kf6 42. Qe5+ Ke7 43. Qc7+ Ke8 44. Qc8+ Kf7 45. Qc7+ Kf6 1/2-1/2

[Event "*** SCC Grand Prix: Titled Tuesday Blitz"]
[Site "Chess.com"]
[Date "2020.09.29"]
[Round "5"]
[White "ljuks68"]
[Black "PetrolulSah"]
[Result "0-1"]
[WhiteElo "2347"]
[BlackElo "2198"]
[TimeControl "180+1"]
[EndTime "10:54:12 PDT"]
[Termination "PetrolulSah won by resignation"]

1. e4 e5 2. Nf3 Nc6 3. Bb5 a6 4. Ba4 Nf6 5. Qe2 b5 6. Bb3 Be7 7. c3 O-O 8. d4 d6 9. O-O Re8 10. a4 Bb7 11. a5 Bf8 12. d5 Nb8 13. c4 c6 14. Nc3 Nbd7 15. dxc6 Bxc6 16. cxb5 axb5 17. a6 Nc5 18. Bd5 Bxd5 19. Nxd5 Nxd5 20. exd5 Rxa6 21. Rxa6 Nxa6 22. Qxb5 Qa8 23. Rd1 Rb8 24. Qe2 Nb4 25. Qc4 Qa6 26. Qxa6 Nxa6 27. Kf1 Rb5 28.
Ng5 Nc7 29. Ne4 Rxd5 30. Rxd5 Nxd5 31. Ke2 f5 32. Nd2 Kf7 33. Nc4 Ke6 34. Bd2 Be7 35. f3 Bd8 36. b4 Nb6 37. Ne3 d5 38. Kd3 d4 39. Nc4 Kd5 0-1

[Event "*** SCC Grand Prix: Titled Tuesday Blitz"]
[Site "Chess.com"]
[Date "2020.09.29"]
[Round "5"]
[White "latixxa"]
[Black "kreonx"]
[Result "0-1"]
[WhiteElo "2181"]
[BlackElo "2358"]
[TimeControl "180+1"]
[EndTime "10:54:14 PDT"]
[Termination "kreonx won by resignation"]

1. Nf3 g6 2. e3 Bg7 3. d4 f5 4. b3 Nf6 5. Bb2 O-O 6. Be2 d6 7. O-O Ne4 8. Nbd2 c5 9. c4 Nc6 10. Qc2 cxd4 11. exd4 Nxd2 12. Qxd2 e5 13. dxe5 dxe5 14.
Qxd8 Rxd8 15. c5 Be6 16. Ng5 Bd5 17. Rfd1 Ne7 18. Rac1 h6 19. Nf3 e4 20. Ne5 Nc6 21.
Nxc6 bxc6 22. Bxg7 Kxg7 23. g3 Kf6 24. Rc2 a5 25. Rcd2 Ke5 26. Bc4 Rab8 27. a3 g5 28. Bxd5 Rxd5 29. Rxd5+ cxd5 30. b4 axb4 31. Rb1 b3 32. a4 d4 33. a5 Kd5 34. a6 Kxc5 35.
a7 Ra8 36. Rxb3 Rxa7 0-1

[Event "*** SCC Grand Prix: Titled Tuesday Blitz"]
[Site "Chess.com"]
[Date "2020.09.29"]
[Round "5"]
[White "Berardino"]
[Black "BigAl"]
[Result "1-0"]
[WhiteElo "2719"]
[BlackElo "2512"]
[TimeControl "180+1"]
[EndTime "10:54:17 PDT"]
[Termination "Berardino won by resignation"]

1. e4 c6 2. d4 d5 3. exd5 cxd5 4. c4 Nf6 5. Nc3 g6 6. Qb3 Bg7 7. cxd5 O-O 8. Be2 Nbd7 9. Bf3 Nb6 10. Nge2 a5 11.
O-O a4 12. Qd1 Nfxd5 13. Re1 a3 14. bxa3 Nxc3 15. Nxc3 Qxd4 16. Rb1 Bf5 17. Ne4 Qxd1 18. Rxd1 Nc4 19. Rxb7 Nxa3 20. Rxe7 Nc4 21. Nd6 Nxd6 22. Bxa8 Nb5 23. Bf3 Nc3 24. Rde1 Nxa2 25. Ba3 Bc3 26. Re8 Bxe1 27. Bxf8 Bd7 28. Ra8 1-0

[Event "*** SCC Grand Prix: Titled Tuesday Blitz"]
[Site "Chess.com"]
[Date "2020.09.29"]
[Round "5"]
[White "ChessAurochs"]
[Black "Sethu0025"]
[Result "0-1"]
[WhiteElo "2576"]
[BlackElo "2773"]
[TimeControl "180+1"]
[EndTime "10:54:18 PDT"]
[Termination "Sethu0025 won on time"]

1. e4 c5 2. Nf3 d6 3. d4 cxd4 4.
Nxd4 Nf6 5. Nc3 a6 6. Be3 e5 7.
Nb3 Be7 8. f3 Be6 9. Qd2 Nbd7 10. O-O-O O-O 11. Nd5 Nxd5 12. exd5 Bf5 13. Na5 Qc7 14.
c4 Bd8 15. b4 Nb8 16. Kb2 b6 17. Nb3 Nd7 18. g4 Bg6 19. h4 h5 20. Bd3 a5 21.
gxh5 Bxd3 22. Qxd3 e4 23. Qxe4 Bf6+ 24. Kb1 Rfe8 25.
Qf4 axb4 26. Rhg1 Rxa2 27. Kxa2 Qa7+ 28. Kb1 Qa3 29. Nd4 Rxe3 0-1

[Event "*** SCC Grand Prix: Titled Tuesday Blitz"]
[Site "Chess.com"]
[Date "2020.09.29"]
[Round "5"]
[White "TC2304"]
[Black "Kildepiotr"]
[Result "0-1"]
[WhiteElo "2314"]
[BlackElo "2558"]
[TimeControl "180+1"]
[EndTime "10:54:18 PDT"]
[Termination "Kildepiotr won on time"]

1. d4 c5 2. d5 e5 3. Nc3 d6 4. e4 Be7 5. h3 Bg5 6. Nf3 Bxc1 7.
Qxc1 Ne7 8. Be2 O-O 9. O-O Ng6 10.
Re1 h6 11. Rb1 f5 12. exf5 Bxf5 13. b4 Nd7 14. Bf1 cxb4 15. Rxb4 Rc8 16. Qe3 Nc5 17. Na4 b6 18. c4 Qf6 19. Nxc5 Rxc5 20. Nd2 Nf4 21. Rb2 Qg6 22. Kh2 Bd3 23. g3 Bxf1 24.
Rxf1 Nh5 25. Rb4 Nf6 26. Kg2 Qc2 27. a4 Ra5 28. Ra1 Rxd5 29. cxd5 Nxd5 30. Qb3 Qxd2 31. Rf1 Qxb4 32. Qxd5+ Kh8 33. Rc1 Qxa4 34. Qxd6 Qe4+ 35. Kg1 Qf5 0-1

[Event "*** SCC Grand Prix: Titled Tuesday Blitz"]
[Site "Chess.com"]
[Date "2020.09.29"]
[Round "5"]
[White "Iskusnyh"]
[Black "SophieNikoladze"]
[Result "1-0"]
[WhiteElo "2553"]
[BlackElo "2293"]
[TimeControl "180+1"]
[EndTime "10:54:18 PDT"]
[Termination "Iskusnyh won by checkmate"]

1. d4 b5 2. e4 Bb7 3. Bxb5 Bxe4 4. Nf3 e6 5. O-O Nf6 6. c4 Be7 7. Nc3 Bb7 8. Re1 O-O 9. Bf4 d6 10. Qd3 Nbd7 11. Rad1 c6 12. Ba4 Qb6 13. Bc2 g6 14. b4 a5 15. c5 dxc5 16. bxc5 Qa6 17. Qd2 Nd5 18. Nxd5 cxd5 19. Bd3 Qc6 20. Rb1 Ba6 21. Ne5 Nxe5 22. Bxe5 Bxd3 23. Qxd3 f6 24. Bg3 Ra6 25.
h3 a4 26. Rb2 a3 27. Rb3 Rfa8 28. Reb1 Bd8 29. Rb7 Ra4 30. Qe3 R4a7 31. Rxa7 Rxa7 32.
Rb8 Ra8 33. Rxa8 Qxa8 34. Qxe6+ Kg7 35. Qd7+ Kh6 36. c6 Qa5 37. Bd6 Qe1+ 38. Kh2 Ba5 39. Bf8+ Kg5 40. Qg4# 1-0

[Event "*** SCC Grand Prix: Titled Tuesday Blitz"]
[Site "Chess.com"]
[Date "2020.09.29"]
[Round "5"]
[White "GM_LOADING"]
[Black "JuliaEfremova"]
[Result "1-0"]
[WhiteElo "2499"]
[BlackElo "2342"]
[TimeControl "180+1"]
[EndTime "10:54:19 PDT"]
[Termination "GM_LOADING won by checkmate"]

1. Nf3 Nf6 2. d4 g6 3. Bg5 Bg7 4. Nbd2 d5 5. e3 O-O 6. Bd3 b6 7. O-O Bb7 8. c3 c5 9. a4 Nc6 10. Qe2 Nd7 11. Rfd1 f6 12. Bh4 e5 13. dxe5 Ndxe5 14. Bb5 Qe7 15. Ba6 Rad8 16. Bxb7 Qxb7 17. a5 b5 18. a6 Qb6 19. Nxe5 Nxe5 20. Nf3 Nxf3+ 21. Qxf3 Qe6 22. Rd2 Rd6 23. Rad1 Rfd8 24. h3 Rxa6 25. Rxd5 Rxd5 26. Rxd5 Kf7 27. Bg3 Bf8 28.
Rd8 Be7 29. Ra8 b4 30. Qb7 bxc3 31. bxc3 Rb6 32. Qxa7 Rb1+ 33. Kh2 h5 34. Qa4 g5 35. Qe8+ Kg7 36. Qh8+ Kg6 37. Rg8+ Kf5 38. Qh7# 1-0

[Event "*** SCC Grand Prix: Titled Tuesday Blitz"]
[Site "Chess.com"]
[Date "2020.09.29"]
[Round "5"]
[White "bratkoo"]
[Black "novocane"]
[Result "1-0"]
[WhiteElo "2536"]
[BlackElo "2300"]
[TimeControl "180+1"]
[EndTime "10:54:19 PDT"]
[Termination "bratkoo won by resignation"]

1. e4 c5 2. Nf3 Nc6 3. d4 cxd4 4. Nxd4 e5 5. Nb5 d6 6. N1c3 a6 7. Na3 Be7 8. Nc4 b5 9. Ne3 Nf6 10. a3 O-O 11. Ned5 Nxd5 12. Nxd5 Bg5 13. Be2 Bxc1 14. Rxc1 Be6 15. O-O Ne7 16. Nxe7+ Qxe7 17. c4 bxc4 18. Bxc4 Rfc8 19. Bxe6 Qxe6 20. Qd3 a5 21. h3 g6 22. Rfd1 Rxc1 23. Rxc1 Rb8 24. Qd2 Kg7 25. Rc7 a4 26.
Ra7 Qb3 27. Qxd6 Qxb2 28. g3 Rf8 29. Rxa4 Qb1+ 30. Kg2 Qc2 31. Qxe5+ Kg8 32. Ra7 h5 33. h4 Qe2 34. Qd5 Qg4 35. e5 g5 36. e6 Qxe6 37.
Qxe6 fxe6 38. hxg5 Rf5 39. f4 e5 40. Ra5 h4 41.
Rxe5 Rf7 42. a4 hxg3 43. Kxg3 1-0

[Event "*** SCC Grand Prix: Titled Tuesday Blitz"]
[Site "Chess.com"]
[Date "2020.09.29"]
[Round "5"]
[White "ural58"]
[Black "midedu"]
[Result "0-1"]
[WhiteElo "2343"]
[BlackElo "2123"]
[TimeControl "180+1"]
[EndTime "10:54:20 PDT"]
[Termination "midedu won on time"]

1. e4 c5 2. b3 Nc6 3. Bb2 d6 4. f4 e6 5. Qf3 Nf6 6. Nc3 a6 7. O-O-O Qa5 8. Kb1 Be7 9. g4 Nd4 10. Qg2 Rb8 11. g5 Nd7 12. Nf3 b5 13. Ne2 e5 14. h4 Bb7 15. Nfxd4 cxd4 16. c3 d3 17. Nc1 b4 18. Bxd3 exf4 19. Rhf1 Ne5 20.
Bc2 f3 21. Qg1 bxc3 22. dxc3 O-O 23. Qg3 Rfc8 0-1

[Event "*** SCC Grand Prix: Titled Tuesday Blitz"]
[Site "Chess.com"]
[Date "2020.09.29"]
[Round "5"]
[White "Alexander_Moskalenko"]
[Black "chessdjw"]
[Result "1-0"]
[WhiteElo "2835"]
[BlackElo "2638"]
[TimeControl "180+1"]
[EndTime "10:54:21 PDT"]
[Termination "Alexander_Moskalenko won by checkmate"]

1. c4 c5 2. Nf3 Nf6 3. Nc3 e6 4. e3 d5 5. d4 a6 6. a3 dxc4 7. Bxc4 b5 8. Ba2 Bb7 9. O-O Nbd7 10. Qd2 Be7 11. Rd1 O-O 12. dxc5 Nxc5 13. Qe2 Qc7 14.
Bd2 Rfd8 15. Nd4 g6 16. b4 Nce4 17. Rac1 Qb6 18. Nxe4 Nxe4 19. Be1 Rac8 20. f3 Nf6 21. Bf2 Bd5 22. e4 Bxa2 23. Rxc8 Rxc8 24. Nf5 Qb7 25. Nxe7+ Qxe7 26. Qxa2 Nd7 27. Qd2 Ne5 28. Bc5 Qf6 29.
f4 Nc4 30. Qd7 Ra8 31. e5 Nxe5 32. fxe5 Qxe5 33. Rf1 f5 34. Rd1 Qe2 35. h3 a5 36. Kh1 axb4 37. axb4 Ra2 38. Qe8+ Kg7 39. Qf8# 1-0

[Event "*** SCC Grand Prix: Titled Tuesday Blitz"]
[Site "Chess.com"]
[Date "2020.09.29"]
[Round "5"]
[White "Rytenko_V"]
[Black "Rap_woyska"]
[Result "1-0"]
[WhiteElo "2516"]
[BlackElo "2362"]
[TimeControl "180+1"]
[EndTime "10:54:22 PDT"]
[Termination "Rytenko_V won on time"]

1. d4 d5 2. c4 c6 3. Nf3 Nf6 4.
Nc3 a6 5. g4 e6 6. g5 Ne4 7.
Qc2 Bb4 8. h4 Qa5 9. Bd2 Bxc3 10. bxc3 Nd7 11. e3 c5 12. cxd5 exd5 13. Bd3 Nxd2 14. Nxd2 c4 15. Bxh7 Nf8 16. Bf5 Bxf5 17. Qxf5 Qxc3 18. Rb1 Rd8 19. Rxb7 Rd7 20. Rb8+ Rd8 21.
Rxd8+ Kxd8 22. Qxd5+ Ke8 23. Qc6+ Kd8 24. Qd5+ Ke8 25.
Qe4+ Kd8 26. Ke2 Ne6 27. Rb1 1-0

[Event "*** SCC Grand Prix: Titled Tuesday Blitz"]
[Site "Chess.com"]
[Date "2020.09.29"]
[Round "5"]
[White "chessmachine14"]
[Black "lucasmito"]
[Result "0-1"]
[WhiteElo "2283"]
[BlackElo "2459"]
[TimeControl "180+1"]
[EndTime "10:54:22 PDT"]
[Termination "lucasmito won on time"]

1. e4 c5 2. Nf3 d6 3. d4 cxd4 4. Nxd4 Nf6 5. Nc3 Nc6 6. Bc4 e5 7. Nf5 Nxe4 8. Nxg7+ Bxg7 9. Nxe4 O-O 10. O-O Nd4 11. Bd5 Qa5 12. c4 Be6 13. Nxd6 Bxd5 14. cxd5 f5 15. b3 Qxd5 16. Ba3 b5 17. Rc1 Rad8 18.
Nxb5 Qxb5 19. Bxf8 Ne2+ 20. Qxe2 Qxe2 21. Bxg7 Kxg7 22.
h3 Qxa2 23. Rc7+ Kg6 24. Re1 Rd6 0-1

[Event "*** SCC Grand Prix: Titled Tuesday Blitz"]
[Site "Chess.com"]
[Date "2020.09.29"]
[Round "5"]
[White "Witik"]
[Black "Konavets"]
[Result "0-1"]
[WhiteElo "2674"]
[BlackElo "2975"]
[TimeControl "180+1"]
[EndTime "10:54:23 PDT"]
[Termination "Konavets won by checkmate"]

1. d4 Nf6 2. Bf4 d5 3. e3 c5 4. c3 e6 5. Nd2 Nc6 6. Bd3 Bd6 7.
Bxd6 Qxd6 8. f4 cxd4 9. cxd4 Bd7 10. a3 O-O 11. Ngf3 Rfc8 12. Ne5 a6 13. O-O Ne7 14. Rf3 Bb5 15. Bxb5 axb5 16. Rh3 g6 17. g4 Rc7 18. Qe1 Qd8 19. Qh4 Nc6 20. Ndf3 h5 21. gxh5 Nxh5 22.
Ng5 Nxe5 23. fxe5 Rac8 24. Rf1 Rc1 25. Rf3 Rxf1+ 26. Rxf1 Rc7 27. Qg4 Qe8 28. e4 Qd8 29. h4 dxe4 30. Qxe4 Ng3 31. Nxe6 fxe6 32. Qxg6+ Rg7 33.
Qxe6+ Kh7 34. Rf7 Qxd4+ 35. Kg2 Qe4+ 36. Kh3 Qh1# 0-1

[Event "*** SCC Grand Prix: Titled Tuesday Blitz"]
[Site "Chess.com"]
[Date "2020.09.29"]
[Round "5"]
[White "Grineva_Marianna"]
[Black "Mikhail_Golubev"]
[Result "0-1"]
[WhiteElo "2263"]
[BlackElo "2457"]
[TimeControl "180+1"]
[EndTime "10:54:24 PDT"]
[Termination "Mikhail_Golubev won by resignation"]

1. d4 Nf6 2. c4 g6 3. Nc3 Bg7 4. Nf3 O-O 5. e4 d6 6. Be2 e5 7. Be3 Qe7 8. d5 Ng4 9. Bg5 f6 10. Bh4 a5 11. h3 Nh6 12. g4 Nf7 13. Nd2 Bh6 14. Nf1 Na6 15. Ne3 Nc5 16. Bg3 Bxe3 17. fxe3 Ng5 18. Qc2 f5 19. exf5 gxf5 20. O-O-O Nge4 21. Nxe4 Nxe4 22. gxf5 Nxg3 23. Rhg1 Qh4 24.
Rg2 Kh8 25. Bg4 Bxf5 26. Qf2 Bxg4 27. Qxg3 Qxg3 28. Rxg3 Bxd1 29. Kxd1 Rg8 30. Rf3 Raf8 0-1

[Event "*** SCC Grand Prix: Titled Tuesday Blitz"]
[Site "Chess.com"]
[Date "2020.09.29"]
[Round "5"]
[White "Salem-AR"]
[Black "BocharovD"]
[Result "0-1"]
[WhiteElo "2918"]
[BlackElo "2800"]
[TimeControl "180+1"]
[EndTime "10:54:26 PDT"]
[Termination "BocharovD won on time"]

1. d4 Nf6 2. c4 e6 3. Nf3 d5 4. Nc3 Be7 5. Bg5 O-O 6. e3 h6 7. Bxf6 Bxf6 8. Qc2 c6 9. h4 c5 10. dxc5 dxc4 11. Bxc4 Qa5 12. Rc1 Nd7 13. Ke2 Nxc5 14.
Ng5 g6 15. Nge4 Bg7 16. Rhd1 Nxe4 17. Qxe4 Rb8 18. Nb5 a6 19. Nd6 Bxb2 20. Rc2 Bg7 21. Bb3 Bd7 22. Kf1 Bc6 23. Qf4 Qe5 24. Qxe5 Bxe5 25.
f4 Bf6 26. g4 Rfd8 27. g5 Be7 28. Rcd2 Bf3 0-1

[Event "*** SCC Grand Prix: Titled Tuesday Blitz"]
[Site "Chess.com"]
[Date "2020.09.29"]
[Round "5"]
[White "GelmanAlexander"]
[Black "dodorox"]
[Result "1-0"]
[WhiteElo "2540"]
[BlackElo "2043"]
[TimeControl "180+1"]
[EndTime "10:54:26 PDT"]
[Termination "GelmanAlexander won on time"]

1. d4 Nf6 2. Nc3 d5 3. Bf4 e6 4. Nb5 Na6 5. e3 c6 6. Nc3 Nc7 7.
Nf3 Bd6 8. Ne5 O-O 9. Qf3 Bxe5 10. Bxe5 Nd7 11. Bd6 Re8 12. Qg3 e5 13. dxe5 Ne6 14.
f4 d4 15. Ne4 dxe3 16. O-O-O Qa5 17. Bc4 e2 18. Rd2 Kh8 19. Re1 Ndf8 20. Rexe2 b5 21.
Bb3 Qb6 22. f5 Nd4 23. f6 Nxe2+ 24. Rxe2 Ng6 25. Bxf7 Qg1+ 26. Re1 Qd4 27. Bxe8 Be6 28. Bxg6 1-0